 Dungeon Crawl Stone Soup version 0.25.1-2-g60ff931df9 (webtiles) character file.

Game seed: 6400208826892178667

170 Artemis the Firebug (level 5, -4/28 HPs)
             Began as a Gargoyle Fire Elementalist on Sept 6, 2020.
             Slain by an iguana (5 damage)
             ... on level 4 of the Dungeon.
             The game lasted 00:17:44 (3298 turns).

Artemis the Firebug (Gargoyle Fire Elementalist)    Turns: 3298, Time: 00:17:45

Health: -4/28      AC:  8    Str: 12    XL:     5   Next: 50%
Magic:  8/10       EV: 12    Int: 16    God:
Gold:   115        SH:  0    Dex: 10    Spells: 5/10 levels left

rFire    . . .     SeeInvis .   l - +0 whip (flame)
rCold    . . .     Gourm    .   (no shield)
rNeg     + . .     Faith    .   a - +1 robe
rPois    ∞         Spirit   .   r - +0 helmet
rElec    +         Reflect  .   (no cloak)
rCorr    .         Harm     .   (no gloves)
MR       .....                  (no boots)
Stlth    ++........             g - amulet of magic regeneration
HPRegen  0.09/turn              (no ring)
MPRegen  0.37/turn              (no ring)

@: very slightly contaminated
A: negative energy resistance 1, electricity resistance, unbreathing,
petrification resistance, rot immunity, AC +4
a: no special abilities


You were on level 4 of the Dungeon.
You were not hungry.

You visited 1 branch of the dungeon, and saw 4 of its levels.

You collected 115 gold pieces.

Inventory:

Hand Weapons
 f - a +0 club
 h - a +0 dagger
 i - a +2 vorpal hand axe
 l - a +0 whip of flaming (weapon)
Missiles
 e - 87 stones (quivered)
 p - 18 poisoned darts
 s - 6 atropa-tipped darts
Armour
 a - a +1 robe (worn)
 r - a +0 helmet (worn)
Jewellery
 g - an amulet of magic regeneration (around neck)
 t - a +4 ring of slaying {unknown}
Scrolls
 k - a scroll of amnesia
 m - a scroll of enchant armour
Potions
 d - a potion of lignification
 j - 2 potions of flight
 o - a potion of resistance
 q - a potion of heal wounds
Comestibles
 b - 2 chunks of flesh
 c - 5 rations


   Skills:
 - Level 1.5 Dodging
 - Level 2.4 Stealth
 + Level 3.3 Spellcasting
 + Level 2.4 Conjurations
 * Level 4.6 Fire Magic


You had 5 spell levels left.
You knew the following spells:

 Your Spells              Type           Power        Failure   Level  Hunger
a - Foxfire               Conj/Fire      ##..         4%          1    None
b - Conjure Flame         Conj/Fire      ##......     13%         3    ###....
c - Sandblast             Erth           #.....       19%         1    None

Your spell library contained the following spells:

 Spells                   Type           Power        Failure   Level  Hunger
 Magic Dart               Conj           ##..         7%          1    None
 Searing Ray              Conj           ##....       10%         2    ##.....
 Inner Flame              Hex/Fire       ##......     22%         3    ###....
 Passwall                 Tmut/Erth      #.......     26%         2    ##.....
 Dazzling Flash           Conj/Hex       #.....       32%         3    ###....
 Stone Arrow              Conj/Erth      #.....       32%         3    ###....
 Sticky Flame             Conj/Fire      ##......     38%         4    ####...
 Fulminant Prism          Conj/Hex       #.........   73%         4    ####...
 Iskenderun's Mystic Bla  Conj/Tloc      #.......     73%         4    ####...
 Fireball                 Conj/Fire      ##........   75%         5    ######.
 Petrify                  Tmut/Erth      #.......     87%         4    ####...
 Lee's Rapid Deconstruct  Erth           #.........   99%         5    ######.


Dungeon Overview and Level Annotations

Branches:
Dungeon (4/15)
 Temple: D:4-7

Altars:
Ashenzari
Uskayaw

Annotations:
D:3 Sigmund


Innate Abilities, Weirdness & Mutations

You are resistant to torment.
Your stone body is resilient. (AC +4)
You are immune to poison.
You resist negative energy. (rN+)
You are resistant to electric shocks. (rElec)
You can survive without breathing.
You are immune to petrification.
You are immune to rotting.


Message History

Confirm with . or Enter, or press ? or * to list all spells.
You conjure some foxfire!
The iguana misses you.
You closely miss the iguana.
The iguana is heavily wounded.
The foxfire hits the iguana.
The iguana is severely wounded.
The iguana misses you.
Casting: Foxfire (safe; 4% risk of failure)
Confirm with . or Enter, or press ? or * to list all spells.
You conjure some foxfire!
The iguana bites you.
* * * LOW HITPOINT WARNING * * *
You hit the iguana but do no damage.
The iguana is severely wounded.
The foxfire hits the iguana.
The iguana is almost dead.
The iguana misses you.
Casting: Foxfire (safe; 4% risk of failure)
Confirm with . or Enter, or press ? or * to list all spells.
You conjure some foxfire!
The iguana bites you.
You die...

###########
###
#.......v@#
..#
#.#######l#
#.#### #.# #.#
.....###.#####
#.#
.............#
#.#***
.....<##.###.#
#..,,**
....#.##.# #.#
#.#*,,*
##..###### ###
###**,* #.##
*,**


You could see an iguana.

Vanquished Creatures
  An orc priest (D:3)
  5 adders
  An ooze (D:1)
  3 worms (D:2)
  2 dart slugs (D:2)
  2 leopard geckos (D:3)
  3 orcs (D:3)
  2 ball pythons
  4 bats
  4 giant cockroaches
  6 hobgoblins
  6 jackals
  11 kobolds
  5 frilled lizards
  7 goblins
  10 rats
72 creatures vanquished.

Vanquished Creatures (others)
  171 foxfires
171 creatures vanquished.

Grand Total: 243 creatures vanquished

Notes
Turn   | Place    | Note
-------+----------+-------------------------------------------
     0 | D:1      | Artemis the Gargoyle Fire Elementalist began the quest for
                  | the Orb.
     0 | D:1      | Reached XP level 1. HP: 10/10 MP: 3/3
   394 | D:1      | Reached XP level 2. HP: 13/15 MP: 0/5
  1733 | D:2      | Reached XP level 3. HP: 19/19 MP: 4/6
  1740 | D:2      | Learned a level 3 spell: Conjure Flame
  1741 | D:2      | Noticed a +0 hand axe
  1742 | D:2      | Found a hide-covered altar of Uskayaw.
  1743 | D:2      | Noticed a +0 hand axe
  1991 | D:2      | Reached XP level 4. HP: 24/24 MP: 6/8
  2099 | D:2      | Reached skill level 4 in Fire Magic
  2194 | D:2      | Found a shattered altar of Ashenzari.
  2829 | D:3      | Reached XP level 5. HP: 18/28 MP: 7/9
  3158 | D:3      | Noticed Sigmund
  3195 | D:4      | Learned a level 1 spell: Sandblast
  3202 | D:4      | Found a shattered altar of Ashenzari.
  3296 | D:4      | HP: 1/28 [iguana (5)]
  3298 | D:4      | Slain by an iguana

Illustrated notes

Levels and vault maps discovered:
D:1:      kilobyte_arrival_exit_the_forest, layout_basic,
          chequers_serial_rivers_room_b, chequers_serial_rivers_small_a
D:2:      layout_basic, dancing_weapons_uskayaw, nicolae_overflow_hidden_temple,
          st_stairs_13
D:3:      layout_loops_cross, uniq_sigmund, uniq_robin
D:4:      lemuel_castle_with_subvaults [lemuel_castle_interior_original],
          layout_loops_corners, nicolae_qazlal_general_emergency, first_ration,
          cheibrodos_ashenzari_chains, uniq_crazy_yiuf_cottage, uniq_pikel

Skill      XL: |  1  2  3  4 |
---------------+-------------+-----
Fire Magic     | 4 |  4.6
Spellcasting   | 3 |  3.3
Conjurations   | 2 |  2.4
Dodging        | |  1.5
Stealth        | |  2.4

Action                   |  1- 3 |  4- 6 || total
-------------------------+-------+-------++-------
Melee: Unarmed           |    16 |       ||    16
       Club              |     7 |       ||     7
       Whip              |       |    37 ||    37
 Cast: Foxfire           |    47 |    54 ||   101
       Conjure Flame     |       |     3 ||     3
  Use: Scroll            |       |     8 ||     8
  Eat: Chunk             |     4 |     4 ||     8
Armor: Robe              |    11 |    20 ||    31
Dodge: Dodged            |    26 |    50 ||    76
